 Dungeon Crawl Stone Soup version 0.29-a0-925-g0a7a3d12f8 (webtiles) character file.

Game seed: 18412393315918065513

368 Newt the Twirler (level 6, -2/63 HPs)
             Began as an Ogre Gladiator on July 28, 2022.
             Was a Follower of Makhleb.
             Killed from afar by an acid dragon (20 damage)
             ... with a splash of acid
             ... on level 5 of the Dungeon.
             The game lasted 00:09:14 (4677 turns).

Newt the Twirler (Ogre Gladiator)                   Turns: 4677, Time: 00:09:14

Health: -2/63      AC: -1    Str: 21    XL:     6   Next: 69%
Magic:  6/6        EV: 10    Int:  9    God:    Makhleb [*.....]
Gold:   181        SH:  0    Dex: 10    Spells: 5/5 levels left

rFire   . . .      SeeInvis .   a - +1 quarterstaff
rCold   . . .      Faith    .   (shield currently unavailable)
rNeg    . . .      Spirit   .   b - +0 robe
rPois   .          Reflect  .   c - +0 hat
rElec   .          Harm     .   (no cloak)
rCorr   .          Rampage  .   (gloves unavailable)
Will    .....                   (boots unavailable)
Stlth   +.........              (no amulet)
HPRegen 0.20/turn               (no ring)
MPRegen 0.10/turn               (no ring)

@: corroded
A: large, unfitting armour, tough skin 1
a: Renounce Religion


You were on level 5 of the Dungeon.
You worshipped Makhleb.
Makhleb was aware of your devotion.
You visited 1 branch of the dungeon, and saw 5 of its levels.

You collected 181 gold pieces.

Inventory:

Hand Weapons
 a - a +1 quarterstaff (weapon)
 h - a +0 spectral club
 l - a +2 vampiric dagger
 s - the +4 short sword "Ucoav" {vorpal, rElec rF+++ Dex-2 Stlth+}
   (You found it on level 2 of the Dungeon)

   It inflicts extra damage upon your enemies.
   Dex:       It affects your dexterity (-2).
   rF:        It renders you almost immune to fire.
   rElec:     It insulates you from electricity.
   Stlth:     It makes you more stealthy.
Missiles
 d - 2 throwing nets (quivered)
 e - 6 large rocks
Armour
 b - a +0 robe (worn)
 c - a +0 hat (worn)
 B - a +0 pair of gloves
 D - an orb of mayhem
Jewellery
 p - a ring of see invisible
 w - a ring of wizardry
 z - a +4 ring of slaying
 C - a +6 ring of intelligence
Wands
 t - a wand of iceblast (10)
Scrolls
 f - a scroll of vulnerability {unknown}
 g - a scroll of summoning {unknown}
 j - 2 scrolls of enchant weapon
 n - a scroll of blinking {unknown}
 o - a scroll of enchant armour
 r - a scroll of poison
 x - a scroll of fear {unknown}
 y - 2 scrolls of teleportation
 E - a scroll of magic mapping {unknown}
Potions
 i - a potion of attraction
 k - 2 potions of ambrosia
 m - a potion of might
 q - a potion of heal wounds {unknown}
 u - a potion of curing
 v - a potion of resistance {unknown}
 A - a potion of lignification {unknown}
 F - a potion of mutation {unknown}


   Skills:
 + Level 4.5 Fighting
 + Level 5.2 Staves
 + Level 2.1 Throwing
 + Level 3.7 Dodging
 * Level 2.1 Evocations


You had 5 spell levels left.
You didn't know any spells.
Your spell library contained the following spells:

 Spells                   Type           Power      Damage    Failure   Level
 Static Discharge         Conj/Air       0%         3-3/arc   52%         2
 Dispel Undead            Necr           0%         3d6       99%         4
 Sticky Flame             Conj/Fire      0%         2d3       99%         4


Dungeon Overview and Level Annotations

Branches:
Dungeon (5/15)
 Temple: D:4-7

Altars:
Fedhas
Hepliaklqana
Makhleb
Ru
The Shining One

Shops:
D:3 (


Innate Abilities, Weirdness & Mutations

You are too large for most types of armour.
You have tough skin. (AC +1)


Message History

Done exploring.
Done exploring.
There is an open door here.
There is a stone staircase leading down here.
You climb downwards.
Found a stone staircase leading down.
There is a stone staircase leading up here.
Found a robe.
Found a glowing golden altar of the Shining One.
An ogre comes into view. It is wielding a +0 giant spiked club.
The ogre shouts!
An ogre is nearby!
Really walk into that teleport trap?
You enter a teleport trap!
The teleport trap disappears.
Your surroundings suddenly seem different.
An iguana and an acid dragon come into view.
Found a scroll of identify and a viscous black potion.
Found a stone staircase leading down.
The acid dragon roars!
Throw: 3 throwing nets
Press: ? - help, Q - select action, (/) - cycle Shift-Dir - straight line, f - acid dragon
Aim: an acid dragon (59% to hit)
You throw a throwing net. The throwing net hits the acid dragon.
The acid dragon is caught in the net!
The acid dragon struggles against the net.
Found 7 gold pieces and 6 stones.
The acid dragon struggles against the net.
The iguana bites you!
The acid dragon struggles against the net.
The acid dragon struggles against the net.
The acid dragon spits acid at you. The splash of acid hits you!!
The acid corrodes you!
The acid dragon struggles against the net.
The net rips apart, and the acid dragon comes free!
There is a stone staircase leading down here.
The iguana bites you!
* * * LOW HITPOINT WARNING * * *
The acid dragon spits acid at you. The splash of acid hits you!!
You die...

#....# #....#
#.≈.
#....####..≈.
###..........≈§
#.D..........§.
#............§.
##.?!......$..≈.
#.............≈.
##.....l@.......
#.........(####
#........###
##......##
#......#
#####...# #...#
#....


You could see an acid dragon (catching breath) and an iguana.

Vanquished Creatures
  A bullfrog (D:3)
  A scorpion (D:4)
  3 orc priests
  Terence (D:3)
  Robin (D:1)
  3 adders
  6 worms
  4 orcs
  5 ball pythons
  6 endoplasms
  A giant cockroach (D:2)
  16 goblins
  4 hobgoblins
  3 jackals (D:4)
  A quokka (D:2)
  8 bats
  5 frilled lizards
  9 kobolds
  4 rats
82 creatures vanquished.

Notes
Turn   | Place    | Note
-------+----------+-------------------------------------------
     0 | D:1      | Newt the Ogre Gladiator began the quest for the Orb.
     0 | D:1      | Reached XP level 1. HP: 22/22 MP: 1/1
   215 | D:1      | Reached XP level 2. HP: 26/29 MP: 2/2
   896 | D:2      | Reached XP level 3. HP: 34/37 MP: 3/3
  1061 | D:2      | Identified the +0 helmet of Mezieromu {rElec}
  1061 | D:2      | Noticed Robin
  1414 | D:2      | Reached XP level 4. HP: 19/45 MP: 4/4
  1594 | D:2      | Reached skill level 1 in Evocations
  1792 | D:1      | Killed Robin
  2001 | D:2      | Identified the +4 short sword "Ucoav" {vorpal, rElec rF+++
                  | Dex-2 Stlth+}
  2476 | D:3      | Found Ekoigos's Weapon Shoppe.
  2551 | D:3      | Found a faded altar of an unknown god.
  2557 | D:3      | Prayed at the altar of an unknown god.
  2557 | D:3      | Became a worshipper of Makhleb the Destroyer
  2557 | D:3      | Reached * piety under Makhleb
  2621 | D:3      | Noticed Terence
  2629 | D:3      | Killed Terence
  2630 | D:3      | Reached skill level 4 in Staves
  2630 | D:3      | Reached XP level 5. HP: 49/54 MP: 5/5
  3038 | D:3      | Reached XP level 6. HP: 54/62 MP: 6/6
  3314 | D:3      | Found a sacrificial altar of Ru.
  3532 | D:4      | Reached skill level 5 in Staves
  3834 | D:4      | Found a blossoming altar of Fedhas.
  4352 | D:4      | Found a hazy altar of Hepliaklqana.
  4638 | D:5      | Entered Level 5 of the Dungeon
  4667 | D:5      | Found a glowing golden altar of the Shining One.
  4669 | D:5      | Noticed an acid dragon
  4677 | D:5      | Killed from afar by an acid dragon

Illustrated notes

Levels and vault maps discovered:
D:1:      lemuel_arrival_broad_hall, layout_loops_ring
D:2:      layout_rooms, uniq_robin
D:3:      layout_loops_ring, general_overflow_altar,
          shapermc_ecumenical_altar_hornbeckon, serial_shops,
          nicolae_shop_behind_doors, uniq_terence
D:4:      nicolae_cairo_tiling_very_big, layout_gridville, fedhas_altar_3,
          nicolae_hepliaklqana_hazy_memory
D:5:      layout_cave_pods, lemuel_tele_altar, mainiacjoe_overflow_tiny_flanked,
          lemuel_round_altar, mainiacjoe_overflow_cross_hatched,
          nicolae_shop_gadgets, uniq_duvessa

Skill      XL: |  1  2  3  4  5  6 |
---------------+-------------------+-----
Dodging        | 3 |  3.7
Fighting       | 3 4 |  4.5
Evocations     | 1 2 |  2.1
Staves         | 4 5 |  5.2
Throwing       | |  2.1

Action                   |  1- 3 |  4- 6 || total
-------------------------+-------+-------++-------
Melee: Quarterstaff      |    61 |   151 ||   212
       Dagger            |    12 |       ||    12
Throw: Throwing net      |       |     1 ||     1
  Use: Scroll            |     4 |     5 ||     9
 Stab: Sleeping          |     1 |       ||     1
Armor: Robe              |    30 |    57 ||    87
Dodge: Dodged            |    41 |    95 ||   136

Table legend: (Time is in decaauts)
 A = Elapsed time spent in this place.
 B = Non-inter-level travel time spent in this place.
 C = Inter-level travel time spent in this place.
 D = Time resting spent in this place.
 E = Time spent auto-exploring this place.
 F = Levels seen in this place.
 G = Mean time per level.
                   A        B        C        D        E       F      G
               +--------+--------+--------+--------+--------+-----+--------+
         Total |   4705 |   4652 |     53 |   1264 |   2766 |   5 |  941.0 |
       Dungeon |   4705 |   4652 |     53 |   1264 |   2766 |   5 |  941.0 |
               +--------+--------+--------+--------+--------+-----+--------+

Top non-repeatable levels by time:
     D:4: 1284 daAuts
     D:1: 1213 daAuts
     D:2: 1133 daAuts
     D:3: 1035 daAuts
     D:5: 38 daAuts
